 Dungeon Crawl Stone Soup version 0.19.4-8-ga85b6b9 (console) character file.

10180 Grinner the Unseen (level 11, -3/76 HPs)
             Began as a Spriggan Monk on Feb 15, 2017.
             Was an Initiate of Gozag.
             Slain by dialectric's ghost (18 damage)
             ... on level 10 of the Dungeon.
             The game lasted 00:38:06 (12184 turns).

Grinner the Unseen (Spriggan Monk)                 Turns: 12184, Time: 00:38:06

Health: -3/76      AC: 16    Str: 17    XL:     11   Next: 32%
Magic:  16/16      EV: 37    Int: 12    God:    Gozag
Gold:   286        SH:  3    Dex: 26    Spells: 1 memorised, 9 levels left

rFire  + . .     SeeInvis +     a - +7 quarterstaff (protect)
rCold  . . .     Gourm    .     L - +2 robe {rF+}
rNeg   . . .     Faith    .     (shield currently unavailable)
rPois  .         Spirit   .     t - +2 hat
rElec  .         Reflect  +     i - +2 cloak {+Inv}
rCorr  .         Harm     .     (gloves unavailable)
MR     +....     Clarity  +     (boots unavailable)
Stlth  ..........               N - +3 amulet of reflection
                                u - ring of stealth
                                y - +2 ring of strength

@: agile, berserking (expiring), protection aura, very quick
A: unfitting armour, horns 1, camouflage 1, see invisible, agile 1, clarity,
herbivore 3, speed 3, slow metabolism 2
a: Potion Petition, Call Merchant, Bribe Branch, Renounce Religion, Evoke
Invisibility


You were on level 10 of the Dungeon.
You worshipped Gozag.
Gozag was aware of your devotion.
You were not hungry.

You visited 2 branches of the dungeon, and saw 12 of its levels.

You collected 2485 gold pieces.
You spent 1034 gold pieces at shops.
You paid 1165 gold pieces to Gozag.

Inventory:

Hand Weapons
 a - a +7 quarterstaff of protection (weapon)
 l - a +0 short sword
 G - a +5 quarterstaff of chaos
 T - a +0 lajatang
 U - the +6 rapier "Useoquof" {pierce, rC+}
   (You bought it in a shop on level 10 of the Dungeon)

   It inflicts extra damage upon your enemies.
   It protects you from cold.
Armour
 i - a +2 cloak of invisibility (worn)
 t - a +2 hat (worn)
 L - a +2 robe of fire resistance (worn)
Jewellery
 d - an uncursed amulet of guardian spirit
 r - an uncursed ring of positive energy
 u - a ring of stealth (right hand)
 w - an uncursed ring of flight
 y - a +2 ring of strength (left hand)
 A - an uncursed ring of protection from magic
 N - a +3 amulet of reflection (around neck)
Wands
 m - a wand of polymorph (20/24)
 s - a wand of paralysis (0/24)
 F - a wand of paralysis (0/24)
 O - a wand of slowing (25/48)
 P - a wand of random effects (20/48)
 S - a wand of flame (12/48)
Scrolls
 e - a scroll of fog
 f - 3 scrolls of amnesia
 g - a scroll of enchant armour
 h - a scroll of recharging
 j - a scroll of blinking
 n - a scroll of random uselessness
 o - 2 scrolls of identify
 p - 3 scrolls of magic mapping
 q - 3 scrolls of teleportation
 B - a scroll of noise
 I - a scroll of fear
Potions
 v - 2 potions of flight
 x - a potion of cure mutation
 z - 2 potions of agility
 C - 2 potions of curing
 D - a potion of cancellation
 E - 4 potions of brilliance
 J - 2 potions of heal wounds
 K - 2 potions of might
 Q - a potion of haste
Books
 b - a book of Changes

   Spells                             Type                      Level
   a - Beastly Appendage              Transmutation                1
   b - Sticks to Snakes               Transmutation                2
   c - Spider Form                    Transmutation/Poison         3
   d - Ice Form                       Ice/Transmutation            4
   e - Blade Hands                    Transmutation                5
Comestibles
 c - 6 bread rations
 k - 4 fruits
 M - a slice of pizza
 R - a royal jelly


   Skills:
 - Level 2.4 Fighting
 * Level 5.9 Short Blades
 - Level 7.6 Staves
 + Level 12.1 Dodging
 + Level 15.5 Stealth
 + Level 6.5 Evocations


You had 9 spell levels left.
You knew the following spells:

 Your Spells              Type           Power        Failure   Level  Hunger
z - Beastly Appendage     Tmut           #.....       34%         1    ##.....


Dungeon Overview and Level Annotations

Branches:
Dungeon (11/15)            Temple (0/1) D:6            Lair (1/6) D:9
    Orc: D:9-12

Altars:
Ashenzari
Cheibriados
Dithmenos
Gozag
Hepliaklqana
Kikubaaqudgha
Nemelex Xobeh
Okawaru
Uskayaw
Vehumet
Yredelemnul
The Shining One

Shops:
D:5 *%   D:10 *

Annotations:
D:10 dialectric's ghost, journeyman VSBe


Innate Abilities, Weirdness & Mutations

You are very small and have problems with some larger weapons.
You are too small for most types of armour.
You have supernaturally acute eyesight. (SInv)
You are a herbivore.
You cover ground extremely quickly.
You need consume almost no food.
You have a pair of small horns on your head.
Your skin changes colour to match your surroundings (Stealth+).
You are agile. (Dex +2)
You possess an exceptional clarity of mind.


Message History

You are too injured to fight recklessly!
You sock dialectric's ghost!
Your weapon exudes an aura of protection.
You headbutt dialectric's ghost!
Dialectric's ghost is heavily damaged.
You miss dialectric's ghost.
Your headbutt misses dialectric's ghost.
Dialectric's ghost is heavily damaged.
Dialectric's ghost barely misses you.
You sock dialectric's ghost!
Dialectric's ghost is severely damaged.
You miss dialectric's ghost.
Dialectric's ghost is severely damaged.
Dialectric's ghost hits you!
* * * LOW HITPOINT WARNING * * *
You hit dialectric's ghost. You headbutt dialectric's ghost.
Dialectric's ghost is almost destroyed.
Dialectric's ghost hits you!!
You die...
Your body crumbles into a pile of gold.

.................#.........#.....
##################..###########..
..............#...........#......
..............#...........#......
..........#####....############..
..............#....#....#.....#..
..............#....#....#.....#..
..............#....#....#.....#..
..............#[@#.#..###.#......
..............#W.#....#)..#......
#...########W....#....#...#......
#...#......#.....#....#..[#......
#...#......#.....#....#[..#......
#..####....##########.#.###...#..
....................#...#.....###
....................#...#........
(...................#...#........


You could see dialectric's ghost.

Vanquished Creatures
  Snorg (D:10)
  Pikel (D:7)
  An orc knight (D:10)
  A deep elf mage (D:10)
  Joseph (D:7)
  2 gargoyles
  A troll (D:10)
  Prince Ribbit (D:7)
  2 yaks
  A wyvern (D:10)
  The ghost of Saba the Bolt Thrower, an amateur HOHu (D:4)
  A phantom (D:4)
  4 sky beasts
  3 orc warriors
  A black bear (D:8)
  A slave (D:7)
  5 ice beasts
  5 ogres
  3 centaurs
  A big kobold (D:9)
  6 bullfrogs
  2 wyvern zombies
  4 scorpions
  8 killer bees
  16 wights
  4 jellies
  A howler monkey (D:4)
  7 hounds
  3 orc priests (D:10)
  7 orc wizards
  2 quasits
  Crazy Yiuf (D:3)
  4 centaur skeletons
  3 gnoll shamans
  Jessica (D:2)
  2 iguanas
  6 worker ants
  A killer bee zombie (D:7)
  2 hound skeletons
  Robin (D:2)
  40 gnolls
  A howler monkey zombie (D:7)
  8 adders
  A howler monkey skeleton (D:7)
  2 worms
  A dart slug (D:1)
  2 leopard geckos
  35 orcs
  8 giant cockroaches
  18 goblins
  10 hobgoblins
  23 jackals
  5 quokkas
  A ball python (D:7)
  7 bats
  3 frilled lizards
  10 kobolds
  A leopard gecko skeleton (D:5)
  3 quokka skeletons
  A quokka zombie (D:6)
  5 rats
  A spectral orc (D:3)
304 creatures vanquished.

Notes
Turn   | Place    | Note
-------+----------+-------------------------------------------
     0 | D:1      | Grinner the Spriggan Monk began the quest for the Orb.
     0 | D:1      | Reached XP level 1. HP: 11/11 MP: 2/2
   333 | D:1      | Reached XP level 2. HP: 16/16 MP: 3/3
   600 | D:1      | Reached skill level 5 in Dodging
   893 | D:1      | Reached skill level 4 in Stealth
  1031 | D:2      | Reached XP level 3. HP: 19/19 MP: 4/4
  1307 | D:2      | Noticed Jessica
  1319 | D:2      | Killed Jessica
  1633 | D:2      | Reached skill level 5 in Stealth
  1843 | D:2      | Found a faded altar of an unknown god.
  1843 | D:2      | Found a faded altar of an unknown god.
  1851 | D:2      | Found a hide-covered altar of Uskayaw.
  1854 | D:2      | Found a faded altar of an unknown god.
  1856 | D:2      | Found a faded altar of an unknown god.
  1871 | D:2      | Became a worshipper of Gozag Ym Sagoz the Greedy
  1918 | D:2      | Reached XP level 4. HP: 23/23 MP: 2/5
  1959 | D:2      | Found a snail-covered altar of Cheibriados.
  2039 | D:2      | Noticed Robin
  2059 | D:2      | Killed Robin
  2184 | D:2      | Found an opulent altar of Gozag.
  2185 | D:2      | Found a sparkling altar of Nemelex Xobeh.
  3132 | D:3      | Found a basalt altar of Yredelemnul.
  3190 | D:3      | Reached XP level 5. HP: 18/27 MP: 6/6
  3266 | D:3      | Found a shattered altar of Ashenzari.
  3313 | D:3      | Reached skill level 6 in Stealth
  3380 | D:3      | Found a runed door.
  3384 | D:3      | Gained mutation: You have a pair of small horns on your head. [potion of beneficial mutation]
  3388 | D:3      | Noticed Crazy Yiuf
  3392 | D:3      | Killed Crazy Yiuf
  3673 | D:4      | Found a shadowy altar of Dithmenos.
  3687 | D:4      | Reached skill level 1 in Staves
  3717 | D:4      | Noticed Saba's ghost (amateur HOHu)
  3728 | D:4      | Reached XP level 6. HP: 22/32 MP: 7/7
  3730 | D:4      | Reached skill level 7 in Stealth
  3790 | D:4      | Killed Saba's ghost
  3801 | D:4      | Reached skill level 8 in Stealth
  3801 | D:4      | Reached XP level 7. HP: 28/35 MP: 8/8
  4241 | D:5      | Entered Level 5 of the Dungeon
  4249 | D:5      | Reached skill level 9 in Stealth
  4752 | D:5      | Bought a scroll labeled AJEPSI LEUFA for 35 gold pieces
  4752 | D:5      | Bought a yellow potion for 31 gold pieces
  4752 | D:5      | Bought a fizzy black potion for 31 gold pieces
  4752 | D:5      | Bought a scroll of identify for 70 gold pieces
  4755 | D:5      | Gained mutation: You are agile. (Dex +2) [potion of mutation]
  4755 | D:5      | Gained mutation: Your skin changes colour to match your surroundings (Stealth+). [potion of mutation]
  4755 | D:5      | Gained mutation: You possess an exceptional clarity of mind. [potion of mutation]
  4768 | D:5      | Found an ancient bone altar of Kikubaaqudgha.
  4801 | D:5      | Found Niacaqud's Food Shop.
  4908 | D:5      | Reached XP level 8. HP: 34/39 MP: 9/9
  5141 | D:5      | Reached skill level 10 in Stealth
  5875 | D:5      | Bought a glowing quarterstaff for 350 gold pieces
  6026 | D:6      | Reached skill level 11 in Stealth
  6377 | D:6      | Found a staircase to the Ecumenical Temple.
  6616 | D:7      | Reached XP level 9. HP: 39/43 MP: 7/10
  6743 | D:7      | Noticed Joseph
  6754 | D:7      | Killed Joseph
  6754 | D:7      | Reached skill level 5 in Staves
  6754 | D:7      | Reached skill level 12 in Stealth
  7206 | D:7      | Noticed Pikel
  7223 | D:7      | Killed Pikel
  7223 | D:7      | Reached skill level 13 in Stealth
  7554 | D:7      | Found an iron altar of Okawaru.
  7622 | D:7      | Found a glowing golden altar of the Shining One.
  7745 | D:7      | Noticed Prince Ribbit
  7761 | D:7      | Killed Prince Ribbit
  7873 | D:7      | Reached skill level 10 in Dodging
  7925 | D:5      | Bought a square soapstone amulet for 175 gold pieces
  8208 | D:8      | Reached XP level 10. HP: 45/47 MP: 11/11
  8831 | D:8      | Reached skill level 14 in Stealth
  9177 | D:9      | Found a radiant altar of Vehumet.
  9177 | D:9      | Found a hazy altar of Hepliaklqana.
  9511 | D:9      | Identified a scroll of acquirement
  9748 | D:9      | Reached skill level 1 in Evocations
  9757 | D:9      | Found a staircase to the Lair.
 10055 | Lair:1   | Entered Level 1 of the Lair of Beasts
 10068 | Lair:1   | Learned a level 1 spell: Beastly Appendage
 10068 | Lair:1   | Noticed a seven-headed hydra
 10388 | D:10     | Entered Level 10 of the Dungeon
 10424 | D:10     | Noticed dialectric's ghost (journeyman VSBe)
 10830 | D:10     | Reached skill level 15 in Stealth
 11174 | D:10     | Noticed an orc knight
 11183 | D:10     | Noticed a deep elf mage
 11187 | D:10     | Killed an orc knight
 11187 | D:10     | Reached skill level 5 in Evocations
 11190 | D:10     | Killed a deep elf mage
 11190 | D:10     | Reached XP level 11. HP: 22/51 MP: 14/16
 11382 | D:10     | Bought a crystal rapier for 342 gold pieces
 11382 | D:10     | Identified the +6 rapier "Useoquof" {pierce, rC+} (You bought it in a shop on level 10 of the Dungeon)
 11447 | D:10     | Noticed Snorg
 11455 | D:10     | Killed Snorg
 11455 | D:10     | Reached skill level 5 in Short Blades
 12184 | D:10     | Slain by dialectric's ghost

Skill      XL: |  1  2  3  4  5  6  7  8  9 10 11 |
---------------+----------------------------------+-----
Dodging        | 5 6 7 8 10 11 12 | 12.1
Stealth        | 4 5 6 8 9 11 13 15 | 15.5
Short Blades   | 4 5 |  5.9
Staves         | 1 2 3 4 6 7 |  7.6
Evocations     | 5 6 |  6.5
Fighting       | |  2.4

Action                   |  1- 3 |  4- 6 |  7- 9 | 10-12 || total
-------------------------+-------+-------+-------+-------++-------
Melee: Short sword       |   109 |   140 |       |     3 ||   252
       Quarterstaff      |       |    61 |   403 |   246 ||   710
       Headbutt          |       |     7 |    71 |    72 ||   150
       Rapier            |       |       |       |    37 ||    37
Invok: Potion Petition   |       |     1 |       |       ||     1
       Call Merchant     |       |       |     1 |     1 ||     2
Evoke: Wand              |       |       |     2 |    27 ||    29
  Use: Scroll            |       |     2 |     8 |    18 ||    28
       Potion            |       |     4 |     1 |     2 ||     7
 Stab: Sleeping          |    11 |    11 |    29 |    35 ||    86
       Distracted        |       |     1 |    16 |     6 ||    23
       Petrified         |       |     4 |     2 |       ||     6
       Petrifying        |       |     2 |       |       ||     2
       Paralysed         |       |       |     5 |     8 ||    13
       Confused          |       |       |     1 |       ||     1
  Eat: Bread ration      |       |       |     1 |     1 ||     2
Armor: Robe              |     5 |    22 |    43 |    32 ||   102
       Skin              |       |    24 |       |       ||    24
Dodge: Dodged            |    72 |   170 |   410 |   264 ||   916
Block: Other             |       |       |     5 |    22 ||    27
